 Dungeon Crawl Stone Soup version 0.19-a0-1886-gd64a0f0 (webtiles) character file.

43 turokix the Magician (level 3, 0/19 HPs)
             Began as a Gargoyle Wizard on Oct 17, 2016.
             Slain by a quokka (2 damage)
             ... on level 2 of the Dungeon.
             The game lasted 00:02:55 (1212 turns).

turokix the Magician (Gargoyle Wizard)              Turns: 1212, Time: 00:02:56

Health: 0/19       AC:  7    Str: 10    XL:     3   Next: 58%
Magic:  0/8        EV: 12    Int: 19    God:
Gold:   56         SH:  0    Dex:  8    Spells: 3 memorised, 2 levels left

rFire  + . .     SeeInvis .     h - +0 whip
rCold  . . .     Gourm    .     a - +0 robe
rNeg   + . .     Faith    .     (no shield)
rPois  ∞         Spirit   .     b - +0 hat
rElec  +         Dismiss  .     s - +1 cloak
rCorr  .         Reflect  .     (no gloves)
MR     +....     Harm     .     (no boots)
Stlth  ++........               (no amulet)
                                u - ring of protection from fire
                                t - ring of protection from magic

@: no status effects
A: negative energy resistance 1, electricity resistance, unbreathing,
petrification resistance, rot immunity, AC +3
a: no special abilities


You were on level 2 of the Dungeon.
You were not hungry.

You visited 1 branch of the dungeon, and saw 2 of its levels.

You collected 56 gold pieces.

Inventory:

Hand Weapons
 h - a +0 whip (weapon)
Armour
 a - a +0 robe (worn)
 b - a +0 hat (worn)
 s - a +1 cloak (worn)
Jewellery
 t - a ring of protection from magic (left hand)
 u - a ring of protection from fire (right hand)
Scrolls
 e - 2 scrolls of amnesia
 g - a scroll of teleportation
 j - 2 scrolls of identify
 m - a scroll of noise {unknown}
 o - a scroll of immolation {unknown}
 p - 2 scrolls of remove curse {unknown}
 q - a scroll of enchant weapon {unknown}
 v - a scroll of blinking {unknown}
Potions
 i - 2 potions of invisibility {unknown}
 n - a potion of magic
 r - a potion of curing {unknown}
 w - 2 potions of lignification {unknown}
Books
 c - a book of Minor Magic

   Spells                             Type                      Level
   a - Magic Dart                     Conjuration                  1
   b - Blink                          Translocation                2
   c - Call Imp                       Summoning                    2
   d - Repel Missiles                 Charms/Air                   2
   e - Slow                           Hexes                        2
   f - Conjure Flame                  Conjuration/Fire             3
   g - Mephitic Cloud                 Conjuration/Poison/Air       3
Comestibles
 d - 2 bread rations
 f - 5 chunks of flesh
 k - a royal jelly
 l - 2 meat rations


   Skills:
 - Level 1.5 Dodging
 - Level 2.1 Stealth
 * Level 3.8 Spellcasting
 + Level 2.2 Conjurations
   Level 0.8 Summonings
   Level 0.8 Translocations


You had 2 spell levels left.
You knew the following spells:

 Your Spells              Type           Power        Failure   Level  Hunger
a - Magic Dart            Conj           ##..         8%          1    None
b - Conjure Flame         Conj/Fire      #.......     28%         3    ###....
c - Mephitic Cloud        Conj/Pois/Air  #.......     34%         3    ###....


Dungeon Overview and Level Annotations

Branches:
Dungeon (2/15)

Altars:


Innate Abilities, Weirdness & Mutations

You are resistant to torment.
Your stone body is resilient. (AC +3)
You are immune to poison.
You resist negative energy. (rN+)
You are resistant to electric shocks. (rElec)
You can survive without breathing.
You are immune to petrification.
You are immune to rotting.


Message History

Aim: a worm (almost dead)
The magic dart hits the worm.
The worm is almost dead.
The quokka bites you but does no damage.
The worm bites you. The quokka barely misses you.
You hit the worm but do no damage.
The worm is severely wounded.
The quokka bites you.
* * * LOW HITPOINT WARNING * * *
You hit the worm.
The worm is almost dead.
The quokka bites you but does no damage.
The worm barely misses you.
You hit the worm but do no damage.
The worm is almost dead.
The quokka bites you but does no damage.
The worm bites you.
* * * LOW HITPOINT WARNING * * *
The quokka bites you.
You die...

.....# #.#
#.# ..... #.#
#.#
.#.#####.#
#.#
.........#
#.#
...#######
#.### <..#
#...# ...#
###.### ...#
#...# ...#
###@# ...#
#.?..rw......
...#
#####.######.
..(# ..#
...##### ...
...#... ...#
...#.## ....
......# #...#
.....<#


You could see a worm and a quokka.

Vanquished Creatures
  2 adders (D:2)
  3 giant cockroaches
  2 goblins
  3 hobgoblins
  5 bats
  5 frilled lizards
  4 kobolds
  2 rats
26 creatures vanquished.

Notes
Turn   | Place    | Note
-------+----------+-------------------------------------------
     0 | D:1      | turokix the Gargoyle Wizard began the quest for the Orb.
     0 | D:1      | Reached XP level 1. HP: 10/10 MP: 4/4
   290 | D:1      | Reached XP level 2. HP: 15/15 MP: 0/6
   893 | D:2      | Reached XP level 3. HP: 19/19 MP: 0/8
   898 | D:2      | Learned a level 3 spell: Conjure Flame
   902 | D:2      | Learned a level 3 spell: Mephitic Cloud
  1212 | D:2      | Slain by a quokka

Vault maps used:
D:1:      co_arrival_random_square_maze, minmay_small_reverse_x
D:2:      first_bread

Skill      XL: |  1  2 |
---------------+-------+-----
Conjurations   | 2 |  2.2
Dodging        | |  1.5
Stealth        | |  2.1
Spellcasting   | |  3.8
Summonings     | |  0.8
Translocations | |  0.8

Action                   || total
-------------------------++-------
Melee: Whip              ||    20
 Cast: Magic Dart        ||    66
  Use: Scroll            ||     4
  Eat: Chunk             ||     1
Armor: Robe              ||    16
Dodge: Dodged            ||    29
